 Dungeon Crawl Stone Soup version 0.21-a0-29-g43b3074 (webtiles) character file.

6316 grindst0ne the Cleaver (level 11, -4/86 HPs)
             Began as a Formicid Fighter on May 26, 2017.
             Was a Priest of Okawaru.
             Slain by a troll (13 damage)
             ... on level 9 of the Dungeon.
             The game lasted 00:22:24 (9030 turns).

grindst0ne the Cleaver (Formicid Fighter)           Turns: 9030, Time: 00:22:25

Health: -4/86      AC: 14    Str: 25    XL:     11   Next: 16%
Magic:  9/9        EV: 11    Int:  9    God:    Okawaru [***...]
Gold:   33         SH: 12    Dex: 18    Spells: 10/10 levels left

rFire    + . .     SeeInvis +   M - +0 glaive (vamp)
rCold    + . .     Gourm    +   c - +0 shield
rNeg     . . .     Faith    .   J - +5 scale mail of Ennui {Dex+3}
rPois    .         Spirit   .   (helmet unavailable)
rElec    .         Reflect  .   D - +0 cloak
rCorr    .         Harm     .   (no gloves)
MR       +....                  (no boots)
Stlth    ..........             r - amulet of the gourmand
Regen    0.7/turn               h - ring of protection from fire
MPRegen  0.2/turn               y - ring of flight

@: mighty, drained
A: permanent stasis, dig shafts and tunnels, four strong arms, antennae 3,
rugged brown scales 1, agile 1, cold resistance 1, low mp 1, regeneration 1, no
potion heal 1, sturdy frame 1
a: Dig, Shaft Self, Heroism, Renounce Religion, Evoke Flight


You were on level 9 of the Dungeon.
You worshipped Okawaru.
Okawaru was most pleased with you.
You were completely stuffed.

You visited 2 branches of the dungeon, and saw 10 of its levels.
You also visited: Sewer.

You collected 401 gold pieces.
You spent 368 gold pieces at shops.

Inventory:

Hand Weapons
 a - a +1 war axe
 F - a +0 battleaxe
 M - a +0 vampiric glaive (weapon)
Missiles
 i - a throwing net (quivered)
Armour
 b - a +0 scale mail
 c - a +0 shield (worn)
 w - a +0 chain mail
 A - a cursed +0 large shield
 D - a +0 cloak (worn)
 J - the +5 scale mail of Ennui (worn) {Dex+3}
   (You bought it in a shop on level 9 of the Dungeon)

   It affects your dexterity (+3).
Jewellery
 h - a ring of protection from fire (left hand)
 p - an uncursed ring of see invisible
 r - an amulet of the gourmand (around neck)
 y - a ring of flight (right hand)
Wands
 d - a wand of digging (6/24)
 q - a wand of flame (0/48)
 s - a wand of flame (17/48)
 z - a wand of random effects (25/48)
 B - a wand of enslavement (8/24)
Scrolls
 e - a scroll of enchant weapon
 m - 3 scrolls of identify
 n - 2 scrolls of fog
 t - 3 scrolls of amnesia
 u - 2 scrolls of remove curse
 I - a scroll of magic mapping
Potions
 g - 3 potions of degeneration
 j - 4 potions of haste
 o - 2 potions of invisibility
 v - a potion of cancellation
 x - a potion of flight
 G - 2 potions of resistance
 H - a potion of ambrosia
Books
 C - a book of Air

   Spells                             Type                      Level
   a - Shock                          Conjuration/Air              1
   b - Swiftness                      Charms/Air                   2
   c - Static Discharge               Conjuration/Air              3
   d - Airstrike                      Air                          4
   e - Lightning Bolt                 Conjuration/Air              5
Comestibles
 f - 6 bread rations
 k - 8 meat rations
 l - 6 royal jellies


   Skills:
 + Level 7.0(6.9) Fighting
 * Level 13.4 Axes
 - Level 4.0(3.9) Throwing
 - Level 4.0(3.9) Armour
 - Level 2.0(1.9) Dodging
 - Level 9.1 Shields
 - Level 0.4(0.3) Unarmed Combat


You had 10 spell levels left.
You didn't know any spells.

Dungeon Overview and Level Annotations

Branches:
Dungeon (9/15)             Temple (1/1) D:4
   Lair: D:8-11         Orc: D:9-12

Altars:
Ashenzari
Cheibriados
Dithmenos
Elyvilon
Fedhas
Gozag
Hepliaklqana
Kikubaaqudgha
Makhleb
Nemelex Xobeh
Okawaru
Qazlal
Ru
Sif Muna
Trog
Uskayaw
Vehumet
Wu Jian
Xom
Yredelemnul
Zin
The Shining One

Shops:
D:6 =   D:9 }![


Innate Abilities, Weirdness & Mutations

You cannot be hasted, slowed, berserked, paralysed or teleported.
You can dig through walls and to a lower floor.
Your four strong arms can wield two-handed weapons with a shield.
You have a pair of large antennae on your head. (SInv)
You are partially covered in rugged brown scales. (AC +1, +3% HP)
You are agile. (Dex +2)
Your flesh is cold resistant. (rC+)
Your magical capacity is low. (-10% MP)
Your natural rate of healing is unusually fast.
Potions are less effective at restoring your health.
Your movements are slightly less encumbered by armour. (ER -2)


Message History

The troll bites you!
* * * LOW HITPOINT WARNING * * *
The troll claws you but does no damage. The troll claws you.
* * * LOW HITPOINT WARNING * * *
The troll bites you!
* * * LOW HITPOINT WARNING * * *
You block the troll's attack. x2
Your system partially rejects the healing.
You feel much better. The troll bites you but does no damage.
The troll claws you.
* * * LOW HITPOINT WARNING * * *
You block the troll's attack.
You closely miss the troll.
The troll is almost dead.
The troll bites you!
* * * LOW HITPOINT WARNING * * *
You block the troll's attack. The troll barely misses you.
You feel very mighty all of a sudden. The troll bites you!
You die...

#### ... #.. .#
#.. .# ####..###
######.# #.......#
# .......#
#..#@##.#
##.....###.
#..T....#
..∩........
##.#.####
##......<.. ...#.#
###.#.##########.#
###.#.# #.#
......# #.#
###'### #.#
##...## ##.#


You could see a troll.

Vanquished Creatures
  Joseph (D:7)
  A wraith (D:9)
  A wyvern (D:8)
  Duvessa (D:4)
  Purgy (Sewer)
  3 orc warriors
  4 sky beasts
  A black bear (D:9)
  2 necrophages
  A centaur (D:8)
  A big kobold (D:9)
  4 bullfrogs
  Dowan (D:4)
  3 wights (D:9)
  3 crimson imps
  A quasit (D:7)
  A centaur zombie (D:8)
  6 hounds
  Crazy Yiuf (D:7)
  An orc priest (D:9)
  A bullfrog skeleton (D:9)
  A centaur skeleton (D:6)
  A jelly (D:8)
  5 orc wizards
  Jessica (D:3)
  2 iguanas
  5 worker ants
  A worker ant zombie (D:9)
  7 adders
  2 shadow imps
  An ooze (D:6)
  An adder skeleton (D:4)
  5 worms
  4 dart slugs (D:1)
  5 leopard geckos
  24 orcs
  8 giant cockroaches
  6 hobgoblins
  3 jackals
  3 quokkas
  A ball python (D:1)
  4 bats
  5 frilled lizards
  4 goblins
  17 kobolds
  A leopard gecko skeleton (D:8)
  A quokka skeleton (D:4)
  6 rats
  2 fungi (D:7)
165 creatures vanquished.

Notes
Turn   | Place    | Note
-------+----------+-------------------------------------------
     0 | D:1      | grindst0ne the Formicid Fighter began the quest for the Orb.
     0 | D:1      | Reached XP level 1. HP: 18/18 MP: 1/1
    28 | D:1      | Reached XP level 2. HP: 19/24 MP: 2/2
   261 | D:1      | Reached XP level 3. HP: 29/29 MP: 3/3
   418 | D:1      | Reached skill level 5 in Shields
   695 | D:2      | Found a faded altar of an unknown god.
  1063 | D:2      | Reached XP level 4. HP: 35/35 MP: 4/4
  1573 | D:3      | Reached XP level 5. HP: 41/41 MP: 5/5
  1666 | D:3      | Found a basalt altar of Yredelemnul.
  1920 | D:3      | Found a deep blue altar of Sif Muna.
  1928 | D:3      | Noticed Jessica
  1933 | D:3      | Killed Jessica
  1933 | D:3      | Reached skill level 1 in Dodging
  2106 | D:3      | Found a glowing golden altar of the Shining One.
  2609 | D:4      | Reached XP level 6. HP: 47/47 MP: 6/6
  2658 | D:4      | Found a glowing drain.
  2694 | Sewer    | Entered a sewer
  2768 | Sewer    | Gained mutation: Scrolls take you a little longer to read. [potion of mutation]
  2768 | Sewer    | Gained mutation: You are frail. (-10% HP) [potion of mutation]
  2768 | Sewer    | Gained mutation: Potions are less effective at restoring your health. [potion of mutation]
  2768 | Sewer    | Gained mutation: You are resistant to hostile enchantments. (MR+) [potion of mutation]
  2924 | Sewer    | Noticed Purgy
  2944 | Sewer    | Killed Purgy
  3131 | D:4      | Reached XP level 7. HP: 45/46 MP: 7/7
  3170 | D:4      | Noticed Duvessa
  3170 | D:4      | Noticed Dowan
  3226 | D:4      | Killed Duvessa
  3254 | D:4      | Killed Dowan
  3575 | D:4      | Found a staircase to the Ecumenical Temple.
  3581 | Temple   | Entered the Ecumenical Temple
  3819 | Temple   | Became a worshipper of Warmaster Okawaru
  4233 | D:5      | Entered Level 5 of the Dungeon
  4634 | D:5      | Found a burning altar of Makhleb.
  5169 | D:6      | Reached XP level 8. HP: 43/54 MP: 8/8
  5194 | D:6      | Reached skill level 3 in Axes
  5275 | D:6      | Found a blossoming altar of Fedhas.
  5534 | D:6      | Found Qaz Quel's Jewellery Boutique.
  6062 | D:7      | Reached * piety under Okawaru
  6062 | D:7      | Reached skill level 1 in Throwing
  6160 | D:7      | Noticed Joseph
  6193 | D:7      | Reached skill level 4 in Axes
  6196 | D:7      | Killed Joseph
  6196 | D:7      | Reached skill level 5 in Axes
  6196 | D:7      | Reached XP level 9. HP: 13/60 MP: 9/9
  6782 | D:7      | Reached skill level 5 in Fighting
  6843 | D:7      | Found a runed door.
  6847 | D:7      | Noticed Crazy Yiuf
  6856 | D:7      | Killed Crazy Yiuf
  6998 | D:8      | Reached ** piety under Okawaru
  6998 | D:8      | Reached skill level 6 in Axes
  7407 | D:8      | Found an ornate altar of the Wu Jian Council.
  7556 | D:8      | Reached skill level 7 in Axes
  7828 | D:9      | Lost mutation: You are frail. (-10% HP) [potion of mutation]
  7828 | D:9      | Lost mutation: You are resistant to hostile enchantments. (MR+) [potion of mutation]
  7828 | D:9      | Lost mutation: Scrolls take you a little longer to read. [potion of mutation]
  7828 | D:9      | Gained mutation: You are partially covered in rugged brown scales. (AC +1, +3% HP) [potion of mutation]
  7828 | D:9      | Gained mutation: Your movements are slightly less encumbered by armour. (ER -2) [potion of mutation]
  7828 | D:9      | Gained mutation: Your flesh is cold resistant. (rC+) [potion of mutation]
  8020 | D:9      | Found a sparkling altar of Nemelex Xobeh.
  8020 | D:9      | Found a shattered altar of Ashenzari.
  8020 | D:9      | Found an ancient bone altar of Kikubaaqudgha.
  8020 | D:9      | Found a radiant altar of Vehumet.
  8041 | D:9      | Reached *** piety under Okawaru
  8385 | D:9      | Reached skill level 8 in Axes
  8426 | D:9      | Found Vomugg's Antique Armour Boutique.
  8434 | D:9      | Bought a brightly glowing scale mail for 288 gold pieces
  8444 | D:9      | Identified the +5 scale mail of Ennui {Dex+3} (You bought it in a shop on level 9 of the Dungeon)
  8586 | D:9      | Reached XP level 10. HP: 79/79 MP: 10/10
  8590 | D:9      | Gained mutation: Your magical capacity is low. (-10% MP) [mutagenic meat]
  8591 | D:9      | Gained mutation: Your natural rate of healing is unusually fast. [mutagenic meat]
  8592 | D:9      | Gained mutation: You are agile. (Dex +2) [mutagenic meat]
  8759 | D:9      | Reached skill level 13 in Axes
  8759 | D:9      | Reached XP level 11. HP: 64/85 MP: 9/9
  8875 | D:9      | Found Surosch's Gadget Emporium.
  8966 | D:9      | Found Jugg's Distillery.
  8981 | D:9      | Bought a potion of heal wounds for 80 gold pieces
  9030 | D:9      | Slain by a troll

Vault maps used:
D:1:      minmay_arrival_hallway
D:2:      chequers_ecumenical_altar_island
D:3:      tso_oasis_becter, lemuel_doored_altar, lemuel_round_altar,
          uniq_jessica
D:4:      minmay_temple_entry_nine_rooms, cheibrodos_sewer_entry_bend,
          uniq_duvessa
D:5:      marbit_many_paths, first_bread
D:6:      serial_shops, nicolae_shop_window_shopping, basic_altar
D:7:      grunt_decor_fettered, uniq_crazy_yiuf_cottage, uniq_joseph
D:8:      overflow_temple_1_default
D:9:      chequers_temple_overflow_statue_of_worship, serial_shops, shop,
          nicolae_shop_crystal, nicolae_shop_overgrown_old_shop
Temple:   oiseaux_autumnal_temple
Sewer:    kennysheep_door_sewer

Skill      XL: |  1  2  3  4  5  6  7  8  9 10 11 |
---------------+----------------------------------+-----
Shields        | 4 5 6 7 8 9 |  9.1
Dodging        | 1 2 |  2.0
Fighting       | 4 6 7 |  7.0
Axes           | 5 8 13 | 13.4
Armour         | 4 |  4.0
Throwing       | 3 4 |  4.0
Unarmed Combat | |  0.4

Action                   |  1- 3 |  4- 6 |  7- 9 | 10-12 || total
-------------------------+-------+-------+-------+-------++-------
Melee: War axe           |    78 |   168 |   270 |       ||   516
       Unarmed           |       |       |    27 |       ||    27
       Battleaxe         |       |       |   178 |       ||   178
       Glaive            |       |       |     5 |    77 ||    82
Invok: Heroism           |       |       |     1 |       ||     1
 Abil: Dig               |       |     9 |    11 |       ||    20
Evoke: Wand              |       |       |    14 |       ||    14
  Use: Scroll            |       |    15 |     1 |     4 ||    20
       Potion            |       |     3 |     8 |     3 ||    14
  Eat: Chunk             |     1 |    18 |    28 |     7 ||    54
Armor: Scale mail        |    37 |    67 |   103 |    25 ||   232
       Skin              |       |       |    29 |       ||    29
       Chain mail        |       |       |    72 |       ||    72
Dodge: Dodged            |    25 |    86 |   161 |    38 ||   310
Block: Shield            |    41 |   121 |   305 |    59 ||   526
